 Dungeon Crawl Stone Soup version 0.31.0-32-g396128a36d (webtiles) character file.

Game seed: 1855794545709995635

1873 H0rd4k the Covert (level 9, -3/56 HPs)
             Began as an Octopode Artificer on Apr 24, 2024.
             Killed from afar by Pikel (15 damage)
             ... with a bolt of light
             ... on level 6 of the Dungeon.
             The game lasted 00:05:18 (6121 turns).

H0rd4k the Covert (Octopode Artificer)              Turns: 6121, Time: 00:05:19

Health: -3/56      AC:  3    Str: 14    XL:     9   Next: 14%
Magic:  9/9        EV: 14    Int: 17    God:
Gold:   129        SH:  0    Dex: 12    Spells: 8/8 levels left

rFire   + . .        u - +6 flail of Hepliaklqana {spect, Str+2}
rCold   x . .        (no shield)
rNeg    . . .        B - +2 hat
rPois   .            (no amulet)
rElec   .            s - ring of fire
rCorr   .            (no ring)
SInv    .            (no ring)
Will    .....        (no ring)
Stlth   +++++        (no ring)
HPRegen 0.29/turn    (no ring)
MPRegen 0.11/turn    (no ring)
                     (no ring)

%: no passive effects
@: no status effects
A: almost no armour, amphibious, 8 rings, camouflage 1, gelatinous body 1,
(nimble swimmer 1), tentacles
a: no special abilities


You were on level 6 of the Dungeon.
You visited 2 branches of the dungeon, and saw 7 of its levels.
You also visited: Sewer.

You collected 353 gold pieces.
You spent 224 gold pieces at shops.

Inventory:

Hand Weapons
 u - the +6 flail of Hepliaklqana (weapon) {spect, Str+2}
   (You found it on level 2 of the Dungeon)

   Str+2:     It affects your strength (+2).
 A - a +1 demon blade of venom
Missiles
 d - 3 poisoned darts
Armour
 B - a +2 hat (worn)
Jewellery
 s - a ring of fire (left tentacle)
Wands
 b - a wand of flame (14) (quivered)
 c - a wand of charming (11)
Scrolls
 a - 3 scrolls of teleportation {unknown}
 e - 4 scrolls of identify {unknown}
 f - a scroll of immolation {unknown}
 h - a scroll of vulnerability {unknown}
 i - 2 scrolls of revelation {unknown}
 l - a scroll of poison {unknown}
 m - 3 scrolls of blinking {unknown}
 o - a scroll of enchant weapon {unknown}
 r - a scroll of noise {unknown}
 t - a scroll of brand weapon {unknown}
 y - a scroll of fog {unknown}
 z - a scroll of summoning {unknown}
Potions
 g - 3 potions of curing {unknown}
 j - a potion of berserk rage {unknown}
 k - 2 potions of degeneration {unknown}
 n - 3 potions of brilliance {unknown}
 p - 2 potions of attraction {unknown}
 q - 2 potions of cancellation {unknown}
 v - 2 potions of heal wounds {unknown}
 w - a potion of lignification {unknown}
 x - a potion of might {unknown}


   Skills:
 + Level 3.0 Fighting
 + Level 5.6 Maces & Flails
 + Level 4.9 Dodging
 + Level 9.1 Stealth
 - Level 3.7 Unarmed Combat
 + Level 5.4 Evocations


You had 8 spell levels left.
You didn't know any spells.
Your spell library contained the following spells:

 Spells                   Type           Power      Damage    Failure   Level
 Necrotise                Necr           0%         1d4       24%         1
 Vampiric Draining        Necr           0%         2d6       56%         3
 Martyr's Knell           Necr/Summ      0%         N/A       93%         4
 Alistair's Intoxication  Alch           0%         N/A       100%        5
 Borgnjor's Vile Clutch   Necr/Erth      0%         N/A       100%        5
 Curse of Agony           Necr           0%         N/A       100%        5
 Eringya's Noxious Bog    Alch           0%         4d6       100%        6


Dungeon Overview and Level Annotations

Branches:
Dungeon (6/15)             Temple (1/1) D:4           Sewer (visited)

Altars:
Ashenzari
Elyvilon
Fedhas
Hepliaklqana
Makhleb
Qazlal
Sif Muna
Trog
Uskayaw
Vehumet
Xom

Shops:
D:6 ::[

Annotations:
D:3 exclusion: bombardier beetle
D:6 Pikel


Innate Abilities, Weirdness & Mutations

You cannot wear most types of armour.
You are amphibious.
You can wear up to eight rings at the same time.
Your skin changes colour to match your surroundings (Stealth+).
Your rubbery body absorbs attacks. (AC +1, EV +1)
((You are camouflaged when in or above water. (Stealth+)))
You have tentacles for arms and can constrict up to eight enemies at once.


Message History

You barely miss the gnoll. Your grab misses the gnoll. You squeeze the gnoll!
The gnoll is heavily wounded.
Your +6 flail of Hepliaklqana {spect, Str+2} hits the gnoll!
You kill the gnoll!
Your +6 flail of Hepliaklqana {spect, Str+2} disappears.
Things that are here:
a +0 spear; a gnoll corpse
Things that are here:
a +0 whip; a gnoll corpse
Items here: )))) [ †.
Pikel, Merchant of Souls comes into view.
He is wielding a +1 whip of freezing and carrying a wand of light.
Things that are here:
a +0 spear; a gnoll corpse Pikel is nearby!
Pikel is nearby!
You closely miss Pikel.
Pikel shouts!
Your grab misses Pikel. Your squeeze misses Pikel. Pikel misses you.
You hit Pikel. You grab Pikel.
Pikel is lightly wounded.
You constrict Pikel.
Pikel hits you with a +1 whip of freezing!
Pikel freezes you.
You thump Pikel! You squeeze Pikel.
Pikel is heavily wounded.
You constrict Pikel.
Pikel hits you with a +1 whip of freezing!
Pikel freezes you.
You hit Pikel but do no damage.
Pikel is severely wounded.
You constrict Pikel, but do no damage.
Pikel zaps a wand.
The bolt of light hits you!!
* * * LOW HITPOINT WARNING * * *
You hear a shout!
You sock Pikel!
Pikel is almost dead.
You constrict Pikel. Pikel barely misses you.
Pikel zaps a wand.
The bolt of light hits you!
You die...
Pikel says, "See you in Hell!"

# ##### ##.###...# ###
### #..K@).#.#
..#######.####.###)).#
#....##.∩..### ##.##
......#.....##.# #.#
#..............# #.#
#.....###.######
#.######## #....## #.#
#........# ..#### #.#
###.######.# ###
###'## .....# #.#


You could see Pikel.

Vanquished Creatures
  Maggie (D:6)
  Sigmund (D:3)
  Menkaure (D:5)
  Pargi (Sewer)
  2 sky beasts (D:6)
  A black bear (D:6)
  A centaur (D:6)
  2 brain worms (Sewer)
  A scorpion (D:5)
  A bombardier beetle (D:4)
  3 jellies
  A gnoll bouda (D:6)
  2 orc priests
  A hound (D:5)
  A sleepcap (D:5)
  Natasha (twice) (D:2)
  3 iguanas (D:5)
  An orc wizard (D:5)
  7 gnolls
  8 adders
  2 shadow imps (D:6)
  A white imp (D:5)
  A ribbon worm (D:2)
  9 orcs
  6 ball pythons
  9 endoplasms
  13 giant cockroaches
  3 goblins
  5 hobgoblins
  2 quokkas
  6 bats
  A frilled lizard (D:2)
  9 kobolds
  4 rats
112 creatures vanquished.

Vanquished Creatures (collateral kills)
  A gnoll (D:3)
  A white imp (D:5)
  An orc (D:5)
3 creatures vanquished.

Vanquished Creatures (others)
  A gnoll (D:3)
1 creature vanquished.

Grand Total: 116 creatures vanquished

Notes
Turn   | Place    | Note
-------+----------+-------------------------------------------
     0 | D:1      | H0rd4k the Octopode Artificer began the quest for the Orb.
     0 | D:1      | Reached XP level 1. HP: 13/13 MP: 1/1
   184 | D:1      | Reached XP level 2. HP: 17/18 MP: 2/2
   212 | D:1      | Found a faded altar of an unknown god.
   509 | D:3      | Reached XP level 3. HP: 23/23 MP: 3/3
   633 | D:3      | Found a burning altar of Makhleb.
   687 | D:3      | Reached skill level 2 in Stealth
   687 | D:3      | Reached skill level 1 in Unarmed Combat
   687 | D:3      | Reached XP level 4. HP: 12/28 MP: 4/4
  1023 | D:4      | Found a hazy altar of Hepliaklqana.
  1024 | D:4      | Found a shimmering altar of Xom.
  1024 | D:4      | Noticed a tentacled monstrosity
  1025 | D:4      | Noticed a spectral ugly thing
  1025 | D:4      | Noticed a tentacled monstrosity
  1182 | D:4      | Reached skill level 3 in Stealth
  1182 | D:4      | Reached XP level 5. HP: 33/33 MP: 5/5
  1270 | D:4      | Found a staircase to the Ecumenical Temple.
  1348 | Temple   | Entered the Ecumenical Temple
  1503 | D:3      | Found a shimmering blue altar of Sif Muna.
  1809 | D:3      | Noticed Sigmund
  1815 | D:3      | Killed Sigmund
  1816 | D:3      | Reached skill level 4 in Stealth
  1816 | D:3      | Reached XP level 6. HP: 38/38 MP: 6/6
  2628 | D:2      | Identified the +6 flail of Hepliaklqana {spect, Str+2}
  2678 | D:2      | Noticed Natasha
  2689 | D:2      | Killed Natasha
  3219 | D:2      | Reached skill level 5 in Stealth
  3219 | D:2      | Reached XP level 7. HP: 43/43 MP: 7/7
  3356 | D:2      | Noticed Natasha
  3360 | D:2      | Killed Natasha
  4100 | D:5      | Entered Level 5 of the Dungeon
  4106 | D:5      | Reached skill level 1 in Maces & Flails
  4148 | D:5      | HP: 2/43 [something (5)]
  4154 | D:5      | Reached skill level 6 in Stealth
  4286 | D:5      | Found a glowing drain.
  4299 | Sewer    | Entered a sewer
  4369 | Sewer    | Noticed Pargi
  4379 | Sewer    | Killed Pargi
  4380 | Sewer    | Reached skill level 5 in Evocations
  4380 | Sewer    | Reached XP level 8. HP: 29/50 MP: 8/8
  4795 | D:5      | Reached skill level 7 in Stealth
  4796 | D:5      | Noticed Menkaure
  4800 | D:5      | Killed Menkaure
  5295 | D:6      | Reached skill level 8 in Stealth
  5635 | D:6      | Noticed Maggie
  5672 | D:6      | Found Aphinlavo's Book Shop.
  5703 | D:6      | Killed Maggie
  5704 | D:6      | Reached skill level 5 in Maces & Flails
  5704 | D:6      | Reached XP level 9. HP: 31/55 MP: 9/9
  5809 | D:6      | Found Syibu's Antique Armour Emporium.
  5816 | D:6      | Reached skill level 9 in Stealth
  5880 | D:6      | Bought a runed hat for 224 gold pieces
  5886 | D:6      | Found Geowanemn's Book Shop.
  6115 | D:6      | Noticed Pikel
  6121 | D:6      | Killed from afar by Pikel

Illustrated notes

Levels and vault maps discovered:
D:1:      minmay_arrival_plants_in_alcoves, layout_basic,
          ebering_ecumenical_altar_mist
D:2:      layout_loops_corners, uniq_natasha
D:3:      minmay_roachtagon, layout_basic, overflow_temple_1_default,
          mainiacjoe_overflow_small_starburst, mrwooster_statue_mirror,
          uniq_sigmund
D:4:      kennysheep_big_flooded_room, layout_loops_ring,
          regret_index_temple_of_mockery, minmay_temple_entry_poolview
D:5:      layout_basic, mainiacjoe_sewer_entry_somewhere_in_here_1,
          roderic_serpentine_path, serial_bayou_lake_a, uniq_menkaure
D:6:      layout_loops_corners, serial_shops, nicolae_shop_rolled_up, shop,
          shop, nicolae_shop_crystal, shop, uniq_pikel, uniq_maggie
Temple:   nicolae_temple_superstar

Skill      XL: |  1  2  3  4  5  6  7  8  9 |
---------------+----------------------------+-----
Evocations     | 4 5 |  5.4
Stealth        | 2 3 4 5 6 8 9 |  9.1
Unarmed Combat | 1 2 3 |  3.7
Dodging        | 3 4 |  4.9
Maces & Flails | 3 5 |  5.6
Fighting       | 2 3 |  3.0

Action                     |  1- 3 |  4- 6 |  7- 9 || total
---------------------------+-------+-------+-------++-------
  Melee: Unarmed           |    55 |    93 |       ||   148
         Constrict         |    16 |    19 |    24 ||    59
         Tentacles         |    12 |    25 |    30 ||    67
         Punch             |       |     4 |     2 ||     6
         Flail             |       |     1 |   103 ||   104
  Evoke: Wand              |     2 |     8 |    13 ||    23
   Stab: Sleeping          |     6 |    10 |    14 ||    30
 Armour: Skin              |    21 |    30 |    49 ||   100
  Dodge: Dodged            |    44 |    60 |    73 ||   177
